 Dungeon Crawl Stone Soup version 0.31-a0-142-g31f6795574 (webtiles) character file.

Game seed: 6786810071903308586

11 Faragor the Trooper (level 2, 20/21 HPs)
             Began as an Octopode Chaos Knight on June 3, 2023.
             Was a Plaything of Xom.
             Quit the game on level 1 of the Dungeon.
             The game lasted 00:03:24 (266 turns).

Faragor the Trooper (Octopode Chaos Knight)          Turns: 266, Time: 00:03:25

Health: 20/21      AC:  1    Str: 11    XL:     2   Next: 25%
Magic:  2/2        EV: 13    Int: 14    God:    Xom [..*...]
Gold:   18         SH:  0    Dex: 11    Spells: 1/1 levels left

rFire   . . .        a - +0 falchion (chaos)
rCold   . . .        (no shield)
rNeg    . . .        (helmet restricted)
rPois   .            (no amulet)
rElec   .            (no ring)
rCorr   .            (no ring)
SInv    .            (no ring)
Will    .....        (no ring)
Stlth   ++           (no ring)
HPRegen 0.23/turn    (no ring)
MPRegen 0.08/turn    (no ring)
                     (no ring)

%: no passive effects
@: no status effects
A: almost no armour, amphibious, 8 rings, camouflage 1, gelatinous body 1,
(nimble swimmer 1), tentacles
a: Renounce Religion


You were on level 1 of the Dungeon.
You worshipped Xom.
You were a toy of Xom.
You visited 1 branch of the dungeon, and saw 1 of its levels.

You collected 18 gold pieces.

Inventory:

Hand Weapons
 a - a +0 falchion of chaos (weapon)
 d - a +0 hand axe
 e - a +0 dagger
 f - a +0 club
 i - a +0 short sword
Missiles
 h - 8 stones
Armour
 g - a +0 chain mail
Potions
 c - a potion of heal wounds {unknown}
Miscellaneous
 b - a piece from Xom's chessboard (15/15) (quivered)


   Skills:
 + Level 3.2 Fighting
 + Level 3.2 Long Blades
 + Level 2.6 Dodging


You had one spell level left.
You didn't know any spells.
Your spell library was empty.

Dungeon Overview and Level Annotations

Branches:
Dungeon (1/15)

Altars:


Innate Abilities, Weirdness & Mutations

You cannot wear most types of armour.
You are amphibious.
You can wear up to eight rings at the same time.
Your skin changes colour to match your surroundings (Stealth+).
Your rubbery body absorbs attacks. (AC +1, EV +1)
((You are camouflaged when in or above water. (Stealth+)))
You have tentacles for arms and can constrict up to eight enemies at once.


Message History

There are no items here.
There are no items here.
There are no items here.
You closely miss the kobold. You grab the kobold. You squeeze the kobold.
You kill the kobold!
You hit the endoplasm.
The endoplasm is lightly wounded.
The endoplasm freezes you.
You are frozen.
The endoplasm freezes you.
You are frozen.
You hit the endoplasm.
You feel better.
You squeeze the endoplasm.
You kill the endoplasm!
The endoplasm closely misses you. The endoplasm attacks as you move away!
The endoplasm closely misses you.
Things that are here:
a +0 short sword; a kobold corpse You hit the endoplasm.
The endoplasm is heavily wounded.
The endoplasm freezes you.
You are frozen.
i - a +0 short sword The endoplasm hits you but does no damage.
There are no objects that can be picked up here. a kobold corpse
There are no objects that can be picked up here. a kobold corpse You hit the endoplasm but do no damage.
You squeeze the endoplasm.
The endoplasm is almost dead.
The endoplasm freezes you.
You are frozen.
The endoplasm barely misses you.
You barely miss the endoplasm. You squeeze the endoplasm.
You kill the endoplasm!
You see here a kobold corpse.
There are no objects that can be picked up here. a kobold corpse Welcome back, Faragor the Octopode Chaos Knight.
Xom snickers.
Press ? for a list of commands and other information.
Are you sure you want to abandon this character and quit the game? (Confirm with "yes".)

#.............##.##.#
#..####.###.####.##.#
#..# #.# #.# #.##.#
#..# #.###.# #..#.#
#..# #.....# #..#..
#..#######..####..###
#.....## .....
#....#...#..####
#.#.###.##@....#
#..## #....##.# #.#.#
#.###.# #.##.#.# #.#
#.# #.#####.## #.#
#....†...# #.#
#######..# #.# #..#
#.# #..# #


There were no monsters in sight!

Vanquished Creatures
  2 ball pythons (D:1)
  2 endoplasms (D:1)
  A goblin (D:1)
  2 jackals (D:1)
  2 frilled lizards (D:1)
  A kobold (D:1)
10 creatures vanquished.

Notes
Turn   | Place    | Note
-------+----------+-------------------------------------------
     0 | D:1      | Faragor the Octopode Chaos Knight began the quest for the
                  | Orb.
     0 | D:1      | Reached XP level 1. HP: 16/16 MP: 1/1
   100 | D:1      | XOM: silly message
   148 | D:1      | XOM: silly message
   164 | D:1      | Reached XP level 2. HP: 21/21 MP: 2/2
   266 | D:1      | Quit the game

Illustrated notes

Levels and vault maps discovered:
D:1:      matt_arrival_spirals, layout_loops_ring

Action                     || total
---------------------------++-------
  Melee: Falchion          ||    14
         Constrict         ||     2
         Tentacles         ||     4
   Stab: Sleeping          ||     1
 Armour: Skin              ||     1
  Dodge: Dodged            ||    12

Table legend: (Time is in decaauts)
 A = Elapsed time spent in this place.
 B = Non-inter-level travel time spent in this place.
 C = Inter-level travel time spent in this place.
 D = Time resting spent in this place.
 E = Time spent auto-exploring this place.
 F = Levels seen in this place.
 G = Mean time per level.
                   A        B        C        D        E       F      G
               +--------+--------+--------+--------+--------+-----+--------+
         Total |    268 |    268 |      0 |      0 |      0 |   1 |  268.0 |
       Dungeon |    268 |    268 |      0 |      0 |      0 |   1 |  268.0 |
               +--------+--------+--------+--------+--------+-----+--------+

Top non-repeatable levels by time:
     D:1: 268 daAuts
